 Dungeon Crawl Stone Soup version 0.31-a0-188-g5e087ee2ca (webtiles) character file.

Game seed: 7281781291012927932

1 kae the Insei (level 1, -1/13 HPs)
             Began as an Octopode Transmuter on June 23, 2023.
             Slain by a gnoll
             ... wielding a +0 club
              (5 damage)
             ... on level 1 of the Dungeon.
             The game lasted 00:00:11 (97 turns).

kae the Insei (Octopode Transmuter)                   Turns: 97, Time: 00:00:11

Health: -1/13      AC:  1    Str:  9    XL:     1   Next: 20%
Magic:  3/3        EV: 13    Int: 15    God:
Gold:   39         SH:  0    Dex: 12    Spells: 3/4 levels left

rFire   . .          .
                       - Unarmed
rCold   . . .        (no shield)
rNeg    . . .        (helmet restricted)
rPois   .            (no amulet)
rElec   .            (no ring)
rCorr   .            (no ring)
SInv    .            (no ring)
Will    .....        (no ring)
Stlth   ++           (no ring)
HPRegen 0.22/turn    (no ring)
MPRegen 0.08/turn    (no ring)
                     (no ring)

%: no passive effects
@: brilliant
A: almost no armour, amphibious, 8 rings, camouflage 1, gelatinous body 1,
(nimble swimmer 1), tentacles
a: no special abilities


You were on level 1 of the Dungeon.
You visited 1 branch of the dungeon, and saw 1 of its levels.

You collected 39 gold pieces.


Innate Abilities, Weirdness & Mutations

You cannot wear most types of armour.
You are amphibious.
You can wear up to eight rings at the same time.
Your skin changes colour to match your surroundings (Stealth+).
Your rubbery body absorbs attacks. (AC +1, EV +1)
((You are camouflaged when in or above water. (Stealth+)))
You have tentacles for arms and can constrict up to eight enemies at once.


   Skills:
 + Level 1.0 Fighting
 - Level 2.0 Dodging
 + Level 3.0 Unarmed Combat
 + Level 2.0 Spellcasting
 * Level 2.0 Transmutations


You had 3 spell levels left.
You knew the following spells:

 Your Spells              Type           Power      Damage    Failure   Level
a - Beastly Appendage     Tmut           22%        N/A       10%         1

Your spell library contained the following spells:

 Spells                   Type           Power      Damage    Failure   Level
 Wereblood                Tmut           11%        N/A       14%         2
 Spider Form              Tmut/Pois      6%         N/A       41%         3
 Ice Form                 Ice/Tmut       6%         N/A       82%         4

Inventory:

Scrolls
 c - a scroll of fear {unknown}
Potions
 a - a potion of lignification {!q}

Dungeon Overview and Level Annotations

Branches:
Dungeon (1/15) Zot: 5902

Altars:

Shops:
D:1

[ #.# .# #.# #. #.#
### ##. #.# ..
#.#### #.###
#+#.##.)...##
#...###.#.........#
#.###...##.........
#.'...⌠..#.........
####.⌠∩⌠.##@g......
#..⌠...'!......#
##...####.....##
#.### #...## #+#
#+##


You could see a gnoll.


Message History

Lua error: /dgldir/rcfiles/crawl-git/kae.rc:525: unexpected symbol near '#' 🤖 Initializing magus.rc ...
Bad monster_list_colour key: strict_neutral Bad channel name 'pray' for runrest: 'pray:' Options error: Missing colour in message_colour setting: 'that.*feels deathly cold' Options error: Missing colour in message_colour setting: 'and you must be Full or above to equip it' Options error: Missing colour in message_colour setting: 'but rights himself reflexively soon after' Options error: Missing colour in message_colour setting: 'before it is too late' ✅ Successfully initialized magus.rc [v1.11.3] Welcome, kae the Octopode Transmuter.
Are you destined to find the splendid Orb of Zot, or to die trying?
Press ? for a list of commands and other information.
Found a staircase leading out of the dungeon.
You open the door.
There is an open door here.
You open the door.
There is an open door here.
b - a purple potion A giant cockroach comes into view.
You see here 15 gold pieces.
A giant cockroach is nearby!
A giant cockroach is nearby!
Casting: Beastly Appendage (safe; 10% risk of failure)
Confirm with . or Enter, or press ? or * to list all spells.
One of your tentacles grows a vicious spike. 😎 MP[-1]
You lost 1 mp, and now have 2/3 mp.
You tentacle-slap the giant cockroach but do no damage.
Your grab misses the giant cockroach.
Your tentacle spike misses the giant cockroach.
The giant cockroach closely misses you. The giant cockroach bites you.
You tentacle-slap the giant cockroach but do no damage.
Your grab misses the giant cockroach.
You pierce the giant cockroach, but do no damage.
The giant cockroach misses you. 😕 HP[-1]
You take 1 damage, and now have 12/13 hp.
A giant cockroach is nearby!
You tentacle-slap the giant cockroach but do no damage.
You grab the giant cockroach.
You pierce the giant cockroach.
You constrict the giant cockroach.
The giant cockroach bites you but does no damage.
You tentacle-slap the giant cockroach.
You kill the giant cockroach! 😎 HP[+1]
Your hp is fully restored (13).
Your transformation is almost over.
You now have 15 gold pieces.
Your tentacle spike disappears.
c - a scroll labelled HIMNUS LOIDACU 😎 MP[+1]
Your mp is fully restored (3).
You now have 31 gold pieces (gained 16).
You now have 39 gold pieces (gained 8).
You open the door.
Found Buasop's Armour Shoppe.
There is an open door here.
There is a fountain of clear blue water here.
There is an entrance to Buasop's Armour Shoppe here.
As you open the door, it creaks loudly!
A gnoll comes into view. It is wielding a +0 club.
The gnoll shouts!
There is an open door here.
You tentacle-slap the gnoll. Your grab misses the gnoll.
The gnoll hits you with a +0 club!
Ouch! That really hurt!
* * * LOW HITPOINT WARNING * * *
You are too injured to fight recklessly! 😱 HP[-10]
You take 10 damage, and now have 3/13 hp.
MASSIVE DAMAGE!! (PAUSE)
You closely miss the gnoll. You grab the gnoll.
You constrict the gnoll, but do no damage.
The gnoll closely misses you.
It was a potion of brilliance.
You feel clever all of a sudden.
You constrict the gnoll. The gnoll misses you. 😨 HP[+1]
You tentacle-slap the gnoll.
You constrict the gnoll, but do no damage.
The gnoll completely misses you.
Unknown command.
You tentacle-slap the gnoll but do no damage.
You constrict the gnoll. The gnoll hits you with a +0 club.
You die...

Action                     || total
---------------------------++-------
  Melee: Unarmed           ||     8
         Constrict         ||     2
         Kick              ||     2
   Cast: Beastly Appendage ||     1
    Use: Potion            ||     1
 Armour: Skin              ||     1
  Dodge: Dodged            ||     5

Levels and vault maps discovered:
D:1:      dpeg_arrival_another_circle, layout_loops_corners,
          shapermc_ecumenical_altar_starsandcircs, serial_shops, shop,
          nicolae_shop_hallway_stairs, nicolae_shop_pleasant_corner_grove,
          nicolae_shop_rolling_square, nicolae_shop_behind_doors

Notes
Turn   | Place    | Note
-------+----------+-------------------------------------------
     0 | D:1      | kae the Octopode Transmuter began the quest for the Orb.
     0 | D:1      | Reached XP level 1. HP: 13/13 MP: 3/3
     0 | D:1      | magus.rc [v1.11.3]
    80 | D:1      | Found Buasop's Armour Shoppe.
    93 | D:1      | HP: 3/13 [gnoll/+0 club (10)]
    97 | D:1      | Slain by a gnoll

Vanquished Creatures
  A giant cockroach (D:1)
1 creature vanquished.

Table legend:
 A = Non-vault XP
 B = Vault XP
 C = Vault XP percentage of total XP
 D = Non-vault monster count
 E = Vault monster count
 F = Vault count percentage of total count
                 A         B        C        D         E       F
            +---------+---------+-------+---------+---------+-------
      Total |       2 |       0 |   0.0 |       1 |       0 |   0.0
            +---------+---------+-------+---------+---------+-------
        D:1 |       2 |       0 |   0.0 |       1 |       0 |   0.0
            +---------+---------+-------+---------+---------+-------

Action                     || total
---------------------------++-------
  Melee: Unarmed           ||     8
         Constrict         ||     2
         Kick              ||     2
   Cast: Beastly Appendage ||     1
    Use: Potion            ||     1
 Armour: Skin              ||     1
  Dodge: Dodged            ||     5

Illustrated notes

Table legend:
 A = Kills in this place as a percentage of kills in the entire game.
 B = Kills by you in this place as a percentage of kills by you in the entire game.
 C = Kills by friends in this place as a percentage of kills by friends in the entire game.
 D = Other kills in this place as a percentage of other kills in the entire game.
 E = Experience gained in this place as a percentage of experience gained in the entire game.
 F = Experience gained in this place divided by the number of levels of this place that you have seen.
                   A       B       C       D       E      F
               +-------+-------+-------+-------+-------+----------------------
         Total | 100.0 | 100.0 |   N/A |   N/A | 100.0 |   2.0
       Dungeon | 100.0 | 100.0 |   N/A |   N/A | 100.0 |   2.0
               +-------+-------+-------+-------+-------+----------------------

Table legend: (Time is in decaauts)
 A = Elapsed time spent in this place.
 B = Non-inter-level travel time spent in this place.
 C = Inter-level travel time spent in this place.
 D = Time resting spent in this place.
 E = Time spent auto-exploring this place.
 F = Levels seen in this place.
 G = Mean time per level.
                   A        B        C        D        E       F      G
               +--------+--------+--------+--------+--------+-----+--------+
         Total |     96 |     96 |      0 |      0 |     79 |   1 |   96.0 |
       Dungeon |     96 |     96 |      0 |      0 |     79 |   1 |   96.0 |
               +--------+--------+--------+--------+--------+-----+--------+

Top non-repeatable levels by time:
     D:1: 96 daAuts
